 Dungeon Crawl Stone Soup version 0.32-a0-711-g016ad743e0 (webtiles) character file.

Game seed: 9677248160923097679

35 Xavori the Trooper (level 3, -3/33 HPs)
             Began as a Djinni Chaos Knight on Mar 16, 2024.
             Was a Plaything of Xom.
             Slain by a black bear (6 damage)
             ... on level 2 of the Dungeon.
             The game lasted 00:01:44 (9898 turns).

Xavori the Trooper (Djinni Chaos Knight)            Turns: 9898, Time: 00:01:44

Health: -3/33      AC:  7    Str:  9    XL:     3   Next: 55%
Gold:   1015       EV: 11    Int: 21    God:    Xom [*.....] SH:  0 Dex: 12

rFire   + + .        a - +0 falchion (chaos)
rCold   x . .        (no shield)
rNeg    . . .        b - +2 leather armour
rPois   ∞            g - +2 hat
rElec   .            (no cloak)
rCorr   .            (no gloves)
SInv    .            (boots unavailable)
Will    .....        (no amulet)
Stlth   +            (no ring)
HPRegen 0.25/turn    (no ring)
MPRegen 0.00/turn

%: clarity, infuse magic (-4 HP)
@: flying
A: sickness immunity, fire resistance 2, cold vulnerability 1, float, innate
caster, HP casting, extra vitality 1, clarity, clever 2, robust 1, inability to
read after injury 1
a: Renounce Religion


You were on level 2 of the Dungeon.
You worshipped Xom.
You were a special plaything of Xom.
You visited 1 branch of the dungeon, and saw 2 of its levels.

You collected 1015 gold pieces.

Inventory:

Hand Weapons
 a - a +0 falchion of chaos (weapon)
Armour
 b - a +2 leather armour (worn)
 g - a +2 hat (worn)
Wands
 k - a wand of charming (4)
Scrolls
 c - a scroll of butterflies
 d - a scroll of amnesia {unknown}
 e - a scroll of immolation {unknown}
 f - a scroll of poison {unknown}
 h - 2 scrolls of blinking {unknown}
 i - 3 scrolls of teleportation {unknown}
 j - a scroll of enchant weapon {unknown}
 l - a scroll of identify {unknown}
 n - a scroll of fog {unknown}
Potions
 m - a potion of haste {unknown}


   Skills:
 + Level 3.2 Fighting
 + Level 2.9 Long Blades
 + Level 1.4 Armour
 + Level 2.5 Dodging
 * Level 1.1 Spellcasting
 * Level 1.1 Conjurations
 * Level 1.1 Hexes
   Level 0.0 Charms
 * Level 1.1 Summonings
 * Level 1.1 Necromancy
 * Level 1.1 Translocations
   Level 0.0 Transmutations
 * Level 1.1 Fire Magic
 * Level 1.1 Ice Magic
 * Level 1.1 Air Magic
 * Level 1.1 Earth Magic
 * Level 1.1 Alchemy


You knew the following spells:

 Your Spells              Type           Power      Damage    Failure   Level
a - Apportation           Tloc           10%        N/A       14%         1
Your spell library was empty.

Dungeon Overview and Level Annotations

Branches:
Dungeon (2/15)

Altars:
Ru


Innate Abilities, Weirdness & Mutations

You are immune to sickness and miasma.
You are immune to poison.
Your flesh is very heat resistant. (rF++)
You are vulnerable to cold. (rC-)
You float through the air rather than walking.
You learn spells naturally, not from books.
Your magical power is your life essence.
You have superior vitality. (+4 MHP)
You possess an exceptional clarity of mind.
Your mind is very acute. (Int +8, Str/Dex -2)
You are robust. (+10% HP)
You occasionally lose the ability to read scrolls when taking damage.


Message History

The black bear growls angrily.
Found 2 coppery potions.
A black bear is nearby!
A black bear is nearby!
The black bear bites you! The black bear barely misses you.
The black bear claws you.
You barely miss the black bear. The black bear bites you.
The black bear claws you but does no damage. x2
You closely miss the black bear. The black bear completely misses you.
The black bear barely misses you.
The black bear claws you but does no damage.
You hit the black bear but do no damage.
The black bear is poisoned.
The black bear bites you but does no damage.
The black bear claws you but does no damage.
The black bear closely misses you. The black bear barely misses you. x2
The black bear claws you but does no damage.
Unknown command.
You hit the black bear but do no damage.
The black bear barely misses you.
The black bear claws you but does no damage. x2
You closely miss the black bear. The black bear bites you.
The black bear claws you. The black bear barely misses you.
You are too injured to fight recklessly!
You completely miss the black bear. The black bear bites you.
* * * LOW HITPOINT WARNING * * *
The black bear misses you.
The black bear claws you but does no damage.
You hit the black bear.
The black bear flies into a frenzy!
The black bear is lightly wounded.
The black bear completely misses you.
The black bear claws you but does no damage.
The black bear claws you.
* * * LOW HITPOINT WARNING * * *
The black bear barely misses you.
The black bear claws you but does no damage.
The black bear closely misses you.
The black bear attacks as it pursues you!
The black bear bites you.
You die...

..#.)##.########.#..#
..#..##.###....#.#..#
......#.....##.#.#..#
.##...####..##.#.#
.#..#....#..##.#.#
:#.#....<...##.#.#
.#.#.....#.###.#.#
.#.#...........#.#
.#.#....##.#####@#
...#.....#.# #h#
.#.+.....#.# #.#
.###.....#.# #.#
.........#.#####.#
.#########.....#.#
...............#!#
################.#
..#


You could see a neutral black bear (fast, strong, frenzied, poisoned).

Vanquished Creatures
  A dart slug (D:1)
  2 ball pythons
  2 bats
  6 endoplasms
  2 giant cockroaches
  2 goblins
  5 hobgoblins
  A quokka (D:1)
  4 frilled lizards (D:1)
  A kobold (D:2)
  4 rats (D:1)
30 creatures vanquished.

Notes
Turn   | Place    | Note
-------+----------+-------------------------------------------
     0 | D:1      | Xavori the Djinni Chaos Knight began the quest for the Orb.
     0 | D:1      | Reached XP level 1. HP: 20/20 MP: 0/0
    37 | D:1      | Reached XP level 2. HP: 24/25 MP: 0/0
   190 | D:1      | XOM: silly message
   210 | D:1      | Reached XP level 3. HP: 30/30 MP: 0/0
   210 | D:1      | Learned a level 1 spell: Apportation
   386 | D:1      | Reached skill level 1 in Spellcasting
   386 | D:1      | Reached skill level 1 in Conjurations
   386 | D:1      | Reached skill level 1 in Hexes
   386 | D:1      | Reached skill level 1 in Summonings
   386 | D:1      | Reached skill level 1 in Necromancy
   386 | D:1      | Reached skill level 1 in Translocations
   386 | D:1      | Reached skill level 1 in Fire Magic
   386 | D:1      | Reached skill level 1 in Ice Magic
   386 | D:1      | Reached skill level 1 in Air Magic
   386 | D:1      | Reached skill level 1 in Earth Magic
   386 | D:1      | Reached skill level 1 in Alchemy
   494 | D:1      | XOM: silly message
   632 | D:1      | XOM: divination: detect items
  1264 | D:1      | XOM: god gift: silver wand {god gift}
  1663 | D:1      | XOM: noise
  2710 | D:1      | XOM: give mutation
  2710 | D:1      | Gained mutation: You are robust. (+10% HP) [Xom's grace]
  3031 | D:1      | XOM: god gift: lajatang {god gift}
  3801 | D:1      | XOM: scenery: summon butterflies
  3897 | D:1      | XOM is BORED!
  4221 | D:1      | XOM: god gift: scroll labelled ITYXZE TUTASO {god gift}
  4280 | D:1      | XOM: divination: magic mapping
  4447 | D:1      | XOM: give mutations
  4447 | D:1      | Gained mutation: Your mind is acute. (Int +4, Str/Dex -1)
                  | [Xom's grace]
  4447 | D:1      | Gained mutation: Your spells are a little harder to cast,
                  | but a little more powerful. [Xom's grace]
  4940 | D:1      | XOM: god gift: 3 large rocks
  5949 | D:1      | XOM is BORED!
  5949 | D:1      | XOM: give mutations
  5949 | D:1      | Gained mutation: You occasionally lose the ability to read
                  | scrolls when taking damage. [Xom's mischief]
  5949 | D:1      | Gained mutation: Your mind is very acute. (Int +8, Str/Dex
                  | -2) [Xom's mischief]
  6362 | D:1      | XOM: silly message
  6584 | D:1      | XOM: give mutations
  6584 | D:1      | Gained mutation: You possess an exceptional clarity of
                  | mind. [Xom's mischief]
  6584 | D:1      | Lost mutation: Your spells are a little harder to cast, but
                  | a little more powerful. [Xom's mischief]
  6584 | D:1      | Gained mutation: You are clumsy. (Dex -2) [Xom's mischief]
  6584 | D:1      | Lost mutation: You are clumsy. (Dex -2) [Xom's mischief]
  6748 | D:1      | XOM: cloud trail
  7078 | D:1      | XOM: god gift: 933 gold pieces
  7882 | D:1      | XOM: divination: magic mapping
  8022 | D:1      | XOM: cloud trail
  8214 | D:1      | XOM: give mutation
  8463 | D:1      | XOM: noise
  8616 | D:1      | XOM: summons 4 hostile shadow creatures
  9534 | D:1      | XOM: summons 4 hostile shadow creatures
  9809 | D:2      | Found a sacrificial altar of Ru.
  9887 | D:2      | Noticed a black bear
  9898 | D:2      | Slain by a black bear

Illustrated notes

Levels and vault maps discovered:
D:1:      mrwooster_arrival_statue_3, layout_rooms, serial_co_window_serial,
          co_window_paths_a, co_window_corner_a, co_window_paths_b,
          co_window_corner_a, co_window_corner_a, co_window_corner_ca,
          co_window_paths_c, co_window_unsneaky_path_d, co_window_paths_d,
          co_window_4corner_b, chequers_serial_rivers_small_3,
          minmay_misc_feat_tower
D:2:      layout_basic, basic_altar

Skill      XL: |  1  2  3 |
---------------+----------+-----
Spellcasting   | 1 |  1.1
Conjurations   | 1 |  1.1
Hexes          | 1 |  1.1
Summonings     | 1 |  1.1
Necromancy     | 1 |  1.1
Translocations | 1 |  1.1
Fire Magic     | 1 |  1.1
Ice Magic      | 1 |  1.1
Air Magic      | 1 |  1.1
Earth Magic    | 1 |  1.1
Alchemy        | 1 |  1.1
Fighting       | |  3.2
Long Blades    | |  2.9
Armour         | |  1.4
Dodging        | |  2.5

Action                     || total
---------------------------++-------
  Melee: Falchion          ||    77
   Stab: Petrifying        ||     1
 Armour: Leather armour    ||    63
  Dodge: Dodged            ||    63

Table legend: (Time is in decaauts)
 A = Elapsed time spent in this place.
 B = Non-inter-level travel time spent in this place.
 C = Inter-level travel time spent in this place.
 D = Time resting spent in this place.
 E = Time spent auto-exploring this place.
 F = Levels seen in this place.
 G = Mean time per level.
                   A        B        C        D        E       F      G
               +--------+--------+--------+--------+--------+-----+--------+
         Total |   9913 |   9896 |     17 |   8632 |   1018 |   2 | 4956.5 |
       Dungeon |   9913 |   9896 |     17 |   8632 |   1018 |   2 | 4956.5 |
               +--------+--------+--------+--------+--------+-----+--------+

Top non-repeatable levels by time:
     D:1: 9238 daAuts
     D:2: 675 daAuts
